 Dungeon Crawl Stone Soup version 0.22-a0-404-g35e51767bf (webtiles) character file.

193 Chiseanne the Magician (level 5, -9/37 HPs)
             Began as a Demonspawn Wizard on May 8, 2018.
             Mangled by an ogre
             ... wielding a +0 giant spiked club
              (25 damage)
             ... on level 4 of the Dungeon.
             The game lasted 00:12:12 (4539 turns).

Chiseanne the Magician (Demonspawn Wizard)          Turns: 4539, Time: 00:12:13

Health: -9/37      AC: 12    Str:  8    XL:     5   Next: 44%
Magic:  10/10      EV:  8    Int: 20    God:
Gold:   140        SH:  4    Dex: 11    Spells: 5/11 levels left

rFire    . . .     SeeInvis .   s - +1 dagger (venom)
rCold    . . .     Gourm    .   i - +1 buckler
rNeg     . . .     Faith    .   y - +0 scale mail
rPois    .         Spirit   .   n - +2 hat
rElec    .         Reflect  .   t - +1 cloak
rCorr    .         Harm     .   (no gloves)
MR       .....                  (no boots)
Stlth    +.........             c - amulet of the acrobat
HPRegen  0.12/turn              (no ring)
MPRegen  0.12/turn              (no ring)

@: no status effects
A: talons 1, thin metallic scales 1, demonic guardian 1
a: no special abilities


You were on level 4 of the Dungeon.
You were hungry.

You visited 1 branch of the dungeon, and saw 4 of its levels.

You collected 140 gold pieces.

Inventory:

Hand Weapons
 o - a +2 quarterstaff of chaos
 s - a +1 dagger of venom (weapon)
Missiles
 f - 68 stones (quivered)
 g - 16 bolts
 h - 28 arrows
 j - 15 sling bullets
 q - 7 javelins
 r - 19 poisoned needles
Armour
 i - a +1 buckler (worn)
 n - a +2 hat (worn)
 t - a +1 cloak (worn)
 y - a +0 scale mail (worn)
Jewellery
 c - an amulet of the acrobat (around neck)
Scrolls
 v - a scroll of fog
 x - a scroll of magic mapping
 A - a scroll of fear
Potions
 b - 4 potions of heal wounds
 e - 2 potions of curing
 k - 2 potions of haste
 l - 2 potions of agility
 p - a potion of lignification {unknown}
 w - a potion of brilliance {unknown}
Comestibles
 d - 9 rations


   Skills:
 * Level 1.2 Fighting
 * Level 1.0 Short Blades
 * Level 0.6 Armour
 * Level 2.9 Dodging
 - Level 2.6 Stealth
 * Level 1.1 Shields
 - Level 3.5 Spellcasting
 - Level 2.2 Conjurations
   Level 1.0 Summonings
 - Level 0.8 Translocations


You had 5 spell levels left.
You knew the following spells:

 Your Spells              Type           Power        Failure   Level  Hunger
a - Magic Dart            Conj           ##..         61%         1    None
b - Blink                 Tloc           N/A          91%         2    ##.....
c - Conjure Flame         Conj/Fire      #.......     98%         3    ###....


Dungeon Overview and Level Annotations

Branches:
Dungeon (4/15)
 Temple: D:4-7

Altars:


Innate Abilities, Weirdness & Mutations

You have sharp toenails.
You are partially covered in thin metallic scales. (AC +2)
A weak demonic guardian rushes to your aid.


Message History

There is a stone staircase leading down here.
You climb downwards.
There is a stone staircase leading up here.
An ogre comes into view. It is wielding a giant spiked club.
The ogre shouts!
Found 20 arrows.
An adder zombie comes into view.
You swap places.
Your quasit completely misses the ogre.
Your quasit claws the ogre. x2
The ogre hits your quasit with a giant spiked club!!
Your quasit dies!
You hit the ogre.
The ogre is poisoned.
The ogre is moderately wounded.
The ogre hits you with a giant spiked club!!
Ouch! That really hurt!
You closely miss the ogre. You claw the ogre, but do no damage.
The ogre is moderately wounded.
The ogre hits you with a giant spiked club!!
Ouch! That really hurt!
You die...

#... # #.#. #.
#..# # #..
#..# .# ....
#.. (.#
#....##.##...#
#......Z..Z..#
###+###O###..#
#@# # #.# #.#
#.# #.# #<#
###


You could see an ogre and an adder zombie.

Vanquished Creatures
  Crazy Yiuf (D:2)
  A worker ant (D:3)
  5 adders
  An ooze (D:2)
  2 worms
  4 dart slugs
  3 leopard geckos
  2 orcs (D:3)
  8 bats
  5 giant cockroaches
  6 goblins
  5 hobgoblins
  6 jackals
  A quokka (D:3)
  2 ball pythons
  2 frilled lizards (D:1)
  10 kobolds
  13 rats
  2 fungi
79 creatures vanquished.

Vanquished Creatures (others)
  A fungus (D:2)
1 creature vanquished.

Grand Total: 80 creatures vanquished

Notes
Turn   | Place    | Note
-------+----------+-------------------------------------------
     0 | D:1      | Chiseanne the Demonspawn Wizard began the quest for the Orb.
     0 | D:1      | Reached XP level 1. HP: 13/13 MP: 4/4
   599 | D:1      | Gained mutation: You are partially covered in thin metallic scales. (AC +2) [demonic ancestry]
   599 | D:1      | Reached XP level 2. HP: 19/19 MP: 1/6
  1541 | D:1      | Gained mutation: You have sharp toenails. [demonic ancestry]
  1541 | D:1      | Reached XP level 3. HP: 16/24 MP: 0/7
  2347 | D:2      | Learned a level 2 spell: Blink
  2351 | D:2      | Learned a level 3 spell: Conjure Flame
  2721 | D:2      | Gained mutation: A weak demonic guardian rushes to your aid. [demonic ancestry]
  2721 | D:2      | Reached XP level 4. HP: 30/30 MP: 3/9
  3295 | D:2      | Found a runed door.
  3299 | D:2      | Noticed Crazy Yiuf
  3307 | D:2      | Killed Crazy Yiuf
  3722 | D:3      | Reached XP level 5. HP: 29/36 MP: 10/10
  3728 | D:3      | Reached skill level 1 in Fighting
  3978 | D:3      | Reached skill level 1 in Short Blades
  3978 | D:3      | Reached skill level 1 in Shields
  4531 | D:4      | Noticed an ogre
  4539 | D:4      | Mangled by an ogre

Vault maps used:
D:1:      dpeg_cavernosity
D:2:      uniq_crazy_yiuf_cottage
D:4:      minmay_temple_entry_from_below_a, uniq_menkaure

Skill      XL: |  1  2  3  4  5 |
---------------+----------------+-----
Dodging        | 2 |  2.9
Stealth        | 2 |  2.6
Conjurations   | 2 |  2.2
Fighting       | 1 |  1.2
Short Blades   | 1 |  1.0
Shields        | 1 |  1.1
Armour         | |  0.6
Spellcasting   | |  3.5
Summonings     | |  1.0
Translocations | |  0.8

Action                   |  1- 3 |  4- 6 || total
-------------------------+-------+-------++-------
Melee: Club              |    59 |       ||    59
       Short sword       |     3 |       ||     3
       Dagger            |       |   136 ||   136
       Kick              |       |    26 ||    26
 Cast: Magic Dart        |   108 |     9 ||   117
  Use: Scroll            |     3 |     8 ||    11
       Potion            |     1 |       ||     1
 Stab: Sleeping          |       |     2 ||     2
  Eat: Chunk             |     5 |     2 ||     7
       Ration            |       |     1 ||     1
Armor: Robe              |    19 |     9 ||    28
       Scale mail        |       |    48 ||    48
Dodge: Dodged            |    44 |    45 ||    89
Block: Buckler           |       |    12 ||    12

Table legend:
 A = Spawn XP
 B = Non-spawn XP
 C = Spawn XP percentage of total XP
 D = Spawn monster count
 E = Non-spawn monster count
 F = Spawn count percentage of total count
 G = Total turns spent on level
                    A         B        C        D         E        F      G
               +---------+---------+-------+---------+---------+-------+---------
         Total |       0 |     277 |   0.0 |       0 |      77 |   0.0 |  4539
               +---------+---------+-------+---------+---------+-------+---------
           D:1 |       0 |      65 |   0.0 |       0 |      37 |   0.0 |  2301
           D:2 |       0 |      98 |   0.0 |       0 |      16 |   0.0 |  1207
           D:3 |       0 |     114 |   0.0 |       0 |      24 |   0.0 |  1017
               +---------+---------+-------+---------+---------+-------+---------
